 Dungeon Crawl Stone Soup version 0.31.0-1-g2c135a008e (webtiles) character file.

Game seed: 2844942744454804101

584 qw the Shooter (level 7, -2/53 HPs)
             Began as a Djinni Hunter on Jan 23, 2024.
             Slain by a black bear (3 damage)
             ... on level 4 of the Dungeon.
             The game lasted 00:00:13 (2831 turns).

qw the Shooter (Djinni Hunter)                      Turns: 2831, Time: 00:00:14

Health: -2/53      AC:  8    Str: 10    XL:     7   Next: 64%
Gold:   114        EV: 11    Int: 10    God:
                   SH:  5    Dex: 19

rFire   + + .        a - +0 shortbow
rCold   x . .        (shield currently unavailable)
rNeg    . . .        d - +0 ring mail
rPois   inf          (no helmet)
rElec   .            (no cloak)
rCorr   .            h - +2 pair of gloves
SInv    .            (boots unavailable)
Will    .....        e - amulet of reflection
Stlth   +            (no ring)
HPRegen 0.28/turn    (no ring)
MPRegen 0.00/turn

%: reflection, infuse magic (-3 HP)
@: flying
A: sickness immunity, fire resistance 2, cold vulnerability 1, float, innate
caster, HP casting, extra vitality 1
a: no special abilities


You were on level 4 of the Dungeon.
You visited 1 branch of the dungeon, and saw 4 of its levels.

You collected 114 gold pieces.


Innate Abilities, Weirdness & Mutations

You are immune to sickness and miasma.
You are immune to poison.
Your flesh is very heat resistant. (rF++)
You are vulnerable to cold. (rC-)
You float through the air rather than walking.
You learn spells naturally, not from books.
Your magical power is your life essence.
You have superior vitality. (+4 MHP)


   Skills:
 - Level 4.5 Fighting
 + Level 5.7 Ranged Weapons
 - Level 1.9 Armour
 - Level 3.1 Dodging
 - Level 0.7 Stealth


You knew the following spells:

 Your Spells              Type           Power      Damage    Failure   Level
a - Apportation           Tloc           0%         N/A       67%         1
b - Call Imp              Summ           0%         N/A       82%         2
c - Volatile Blastmotes   Fire/Tloc      0%         2d10      96%         3
Your spell library was empty.

Inventory:

Hand Weapons
 a - a +0 shortbow (weapon)
Armour
 c - the scarf of the Armadillo {harm, Str+2 Int+5}
   (You acquired it on level 1 of the Dungeon)

   Str+2:     It affects your strength (+2).
   Int+5:     It affects your intelligence (+5).
 d - a +0 ring mail (worn)
 h - a +2 pair of gloves (worn)
Jewellery
 e - an amulet of reflection (around neck)
Scrolls
 n - a scroll of revelation {unknown}
 o - a scroll of identify {unknown}
 p - a scroll of fog {unknown}
Potions
 b - a potion of ambrosia {unknown}
 f - a potion of enlightenment {unknown}
 g - 2 potions of mutation {unknown}
 i - a potion of brilliance {unknown}
 j - a potion of invisibility {unknown}
 k - 3 potions of heal wounds {unknown}
 l - a potion of haste
 m - a potion of might

Dungeon Overview and Level Annotations

Branches:
Dungeon (4/15)
 Temple: D:4-7

Altars:

Shops:
D:1 *

Annotations:
D:2 1 runed translucent door, Crazy Yiuf
D:4 Menkaure


Message History

Found a whip.
You now have 114 gold pieces (gained 7).
p - a scroll labelled TUMODD ZECU A ball python comes into view.
The ball python hisses angrily.
You shoot an arrow. The arrow hits the ball python!
You kill the ball python!
g - 2 sapphire potions (gained 1)
You see here a staff of death.
Found a book of Minor Magic.
Menkaure, Prince of Dust comes into view.
You shoot an arrow. The arrow hits Menkaure.
Menkaure is lightly damaged.
Menkaure gestures wildly while chanting.
Menkaure seems to speed up.
Menkaure calls on the powers of darkness!
Your body is wracked with pain!
2825 ||| FLEEEEING.
A black bear comes into view.
The black bear moves out of view.
2826 ||| FLEEEEING.
You shoot an arrow. The arrow hits the black bear!
The black bear is moderately wounded.
You shoot an arrow. The arrow hits the black bear.
The black bear is heavily wounded.
You shoot an arrow. The arrow hits the black bear.
The black bear is severely wounded.
Menkaure completely misses you.
You shoot an arrow.
The arrow closely misses the black bear.
The black bear misses you. The black bear closely misses you.
The black bear claws you.
Menkaure gestures at you while chanting.
Pain shoots through your body! The black bear bites you.
The black bear closely misses you. The black bear claws you.
You shoot an arrow. The arrow barely misses the black bear.
Menkaure hits you.
The black bear bites you but does no damage.
The black bear claws you. x2
You die...

#...............# ##......>.#
##..............## #.........##
#...............####..........#
#.|.............##.............
#..............#...............
#.................#.........)).
#..............####..........##
#.............## #..........#
#........).#.M@# ##.........#
#........###..h....#...).....#
##.....####.##...............#
####### #.# ...###.........##
#.# ....# ####.%..# #.# ....:.#
###..# .# ......# ##.## #.
#......# #..## ##..#


You could see a black bear and Menkaure (fast).

Vanquished Creatures
  Eustachio (D:4)
  A phantom (D:4)
  A scorpion (D:3)
  A hound (D:4)
  2 sleepcaps
  2 iguanas (D:4)
  An orc wizard (D:3)
  5 adders
  3 dart slugs
  6 orcs
  8 endoplasms
  6 giant cockroaches
  8 goblins
  6 hobgoblins
  10 jackals
  8 kobolds
  3 quokkas (D:1)
  9 ball pythons
  5 bats
  4 frilled lizards
  4 rats
94 creatures vanquished.

Notes
Turn   | Place    | Note
-------+----------+-------------------------------------------
     0 | D:1      | qw the Djinni Hunter began the quest for the Orb.
     0 | D:1      | Reached XP level 1. HP: 18/18 MP: 0/0
     0 | D:1      | 0 ||| qw: Version: 0.3-a-135-gb77e89d
     0 | D:1      | 0 ||| qw: Game counter: 810
     0 | D:1      | 0 ||| qw: Melee chars always use a shield: true
     0 | D:1      | 0 ||| qw: God list: Okawaru
     0 | D:1      | 0 ||| qw: Allow faded altars: false
     0 | D:1      | 0 ||| qw: Do Orc after clearing Dungeon:15 true
     0 | D:1      | 0 ||| qw: Do second Lair branch before Depths: true
     0 | D:1      | 0 ||| qw: Lair rune preference: random
     0 | D:1      | 0 ||| qw: Goals: Normal
     0 | D:1      | 0 ||| PLANNING D:1-11
    93 | D:1      | Reached XP level 2. HP: 19/23 MP: 0/0
   207 | D:1      | Found Cam Yfer's Assorted Antiques.
   216 | D:1      | 216 ||| SHOPLISTING clear potion (20 gold, have 17).
   216 | D:1      | 216 ||| SHOPLISTING runed shortbow (138 gold, have 17).
   216 | D:1      | 216 ||| SHOPLISTING scroll labelled DIOSOSH YSUYDE (23
                  | gold, have 17).
   216 | D:1      | 216 ||| SHOPLISTING scroll labelled IXOUNOQAMO (23 gold,
                  | have 17).
   216 | D:1      | 216 ||| SHOPLISTING scroll labelled MUEGIM GOGRIMN (23
                  | gold, have 17).
   270 | D:1      | Reached XP level 3. HP: 28/28 MP: 0/0
   270 | D:1      | Learned a level 1 spell: Apportation
   275 | D:1      | Reached skill level 4 in Ranged Weapons
   634 | D:1      | 634 ||| UPGRADING to +0 ring mail.
   644 | D:1      | 644 ||| DROPPING +0 leather armour.
   645 | D:1      | 645 ||| UPGRADING to amulet of reflection.
   650 | D:1      | 650 ||| READING scroll labelled IXOUNOQAMO.
   651 | D:1      | 651 ||| READING scroll labelled UGORUS HOAVESCH.
   752 | D:1      | 752 ||| READING scroll labelled LAIT VAREYG.
   752 | D:1      | Identified a scroll of acquirement
   752 | D:1      | 752 ||| ACQUIRING scarf of the Armadillo {harm, Str+2
                  | Int+5}
   752 | D:1      | Acquired the scarf of the Armadillo {harm, Str+2 Int+5}
   754 | D:1      | 754 ||| READING scroll labelled DIOSOSH YSUYDE.
   758 | D:1      | 758 ||| DROPPING scroll of butterflies.
   841 | D:2      | Reached XP level 4. HP: 25/34 MP: 0/0
   913 | D:2      | Reached skill level 1 in Armour
   944 | D:2      | Found a faded altar of an unknown god.
  1013 | D:2      | Reached skill level 3 in Fighting
  1086 | D:2      | Reached XP level 5. HP: 40/40 MP: 0/0
  1086 | D:2      | Learned a level 2 spell: Call Imp
  1124 | D:2      | Found a runed translucent door.
  1125 | D:2      | Noticed Crazy Yiuf
  1279 | D:2      | 1279 ||| UPGRADING to +2 pair of gloves.
  1284 | D:2      | 1284 ||| READING scroll labelled TIUR KEMIUWESS.
  1521 | D:3      | Reached XP level 6. HP: 46/46 MP: 0/0
  1544 | D:3      | Reached skill level 5 in Ranged Weapons
  1953 | D:3      | 1953 ||| DRINKING 2 viscous grey potions.
  1954 | D:3      | 1954 ||| DRINKING 2 coppery potions.
  2013 | D:4      | Reached skill level 3 in Dodging
  2016 | D:4      | 2016 ||| FLEEEEING.
  2053 | D:4      | 2053 ||| FLEEEEING.
  2058 | D:4      | 2058 ||| FLEEEEING.
  2261 | D:4      | Noticed Eustachio
  2270 | D:4      | 2270 ||| RETREEEEATING.
  2271 | D:4      | 2271 ||| RETREEEEATING.
  2272 | D:4      | 2272 ||| RETREEEEATING.
  2273 | D:4      | 2273 ||| RETREEEEATING.
  2292 | D:4      | HP: 11/46 [Eustachio/+2 falchion of flaming (4)]
  2293 | D:4      | HP: 1/46 [Eustachio/+2 falchion of flaming (6)]
  2295 | D:4      | Killed Eustachio
  2296 | D:4      | Reached XP level 7. HP: 1/53 MP: 0/0
  2296 | D:4      | Learned a level 3 spell: Volatile Blastmotes
  2823 | D:4      | Noticed Menkaure
  2825 | D:4      | 2825 ||| FLEEEEING.
  2826 | D:4      | 2826 ||| FLEEEEING.
  2830 | D:4      | HP: 9/53 [black bear (6)]
  2831 | D:4      | HP: 3/53 [Menkaure (6)]
  2831 | D:4      | HP: 1/53 [black bear (2)]
  2831 | D:4      | Slain by a black bear

Levels and vault maps discovered:
D:1:      dpeg_arrival_connections, layout_rooms, serial_shops, shop, hex_tiny,
          minmay_unequal
D:2:      layout_rooms, nicolae_ecumenical_snake_handling, minmay_crystal_water,
          uniq_crazy_yiuf_cottage
D:3:      layout_basic
D:4:      minmay_thinvault, layout_cave_pods, uniq_eustachio, uniq_menkaure

Skill      XL: |  1  2  3  4  5  6 |
---------------+-------------------+-----
Ranged Weapons | 4 5 |  5.7
Armour         | 1 |  1.9
Fighting       | 3 4 |  4.5
Dodging        | 3 |  3.1
Stealth        | |  0.7

Action                     |  1- 3 |  4- 6 |  7- 9 || total
---------------------------+-------+-------+-------++-------
   Fire: Shortbow          |    96 |   203 |    62 ||   361
    Use: Scroll            |     4 |     1 |       ||     5
         Potion            |       |     2 |       ||     2
 Armour: Leather armour    |    24 |       |       ||    24
         Ring mail         |    10 |    91 |    43 ||   144
  Dodge: Dodged            |    20 |    73 |    25 ||   118
  Block: Other             |     4 |    35 |     8 ||    47
         Reflection        |       |     2 |       ||     2

Table legend:
 A = Non-vault XP
 B = Vault XP
 C = Vault XP percentage of total XP
 D = Non-vault monster count
 E = Vault monster count
 F = Vault count percentage of total count
                 A         B        C        D         E       F
            +---------+---------+-------+---------+---------+-------
      Total |     622 |     213 |  25.5 |      85 |       9 |   9.6
            +---------+---------+-------+---------+---------+-------
        D:1 |      51 |      10 |  16.4 |      28 |       4 |  12.5
        D:2 |      93 |       6 |   6.1 |      20 |       4 |  16.7
        D:3 |     188 |       0 |   0.0 |      22 |       0 |   0.0
        D:4 |     290 |     197 |  40.5 |      15 |       1 |   6.2
            +---------+---------+-------+---------+---------+-------
